 Dungeon Crawl Stone Soup version 0.19-a0-1697-g0595f0e (webtiles) character file.

193 Gorfmaster the Magician (level 5, -3/28 HPs)
             Began as a Deep Elf Summoner on Sept 26, 2016.
             Slain by a water moccasin (4 damage)
             ... on level 4 of the Dungeon on Sept 27, 2016.
             The game lasted 00:24:33 (2955 turns).

Gorfmaster the Magician (Deep Elf Summoner)         Turns: 2955, Time: 00:24:37

Health: -3/28      AC:  4    Str:  5    XL:     5   Next: 43%
Magic:  5/15       EV: 13    Int: 25    God:
Gold:   257        SH:  0    Dex: 15    Spells: 3 memorised, 9 levels left

rFire  + . .     SeeInvis .     t - +2 spear (pierce)
rCold  x . .     Gourm    .     a - +0 robe
rNeg   . . .     Faith    .     (no shield)
rPois  .         Spirit   .     (no helmet)
rElec  .         Dismiss  +     r - +0 cloak
rCorr  .         Reflect  .     (no gloves)
MR     .....     Harm     .     (no boots)
Stlth  ++........               o - amulet of dismissal
                                u - +4 ring of intelligence
                                n - ring of fire

@: no status effects
A: no striking features
a: no special abilities


You were on level 4 of the Dungeon.
You were hungry.

You visited 1 branch of the dungeon, and saw 4 of its levels.

You collected 257 gold pieces.

Inventory:

Hand Weapons
 t - a +2 spear of piercing (weapon)
Missiles
 j - 5 tomahawks (quivered)
Armour
 a - a +0 robe (worn)
 r - a +0 cloak (worn)
Jewellery
 n - a ring of fire (left hand)
 o - an amulet of dismissal (around neck)
 u - a +4 ring of intelligence (right hand)
Scrolls
 e - 2 scrolls of enchant weapon {unknown}
 f - 2 scrolls of remove curse
 w - a scroll of teleportation
Potions
 d - a potion of cancellation
 g - a potion of lignification {unknown}
 h - 6 potions of curing
 i - 2 potions of might
 q - 2 potions of agility
 s - a potion of berserk rage {unknown}
Books
 b - a book of Callings

   Spells                             Type                      Level
   a - Summon Small Mammal            Summoning                    1
   b - Call Imp                       Summoning                    2
   c - Call Canine Familiar           Summoning                    3
   d - Summon Guardian Golem          Hexes/Summoning              3
   e - Summon Lightning Spire         Summoning/Air                4
   f - Summon Ice Beast               Ice/Summoning                4
Comestibles
 c - 2 bread rations
 k - 4 fruits
 l - 2 slices of pizza
 m - 2 beef jerkies
 p - a meat ration
 v - 5 chunks of flesh


   Skills:
 - Level 2.4 Dodging
 - Level 2.4 Stealth
 + Level 6.0 Spellcasting
 * Level 5.9 Summonings


You had 9 spell levels left.
You knew the following spells:

 Your Spells              Type           Power        Failure   Level  Hunger
a - Summon Small Mammal   Summ           ####         1%          1    None
b - Call Imp              Summ           #####...     1%          2    None
c - Summon Ice Beast      Ice/Summ       ###.....     21%         4    ###....


Dungeon Overview and Level Annotations

Branches:
Dungeon (4/15)
 Temple: D:4-7

Altars:

Shops:
D:4 ?


Message History

Your crimson imp barely misses the water moccasin.
Your crimson imp blinks!
Your crimson imp disappears in a puff of smoke!
Your rat closely misses the adder.
The adder bites your iron imp but does no damage.
Your iron imp barely misses the ogre.
Your rat bites the adder.
The adder bites your iron imp. Something hits your crimson imp!!
Your crimson imp dies!
Your iron imp hits the adder!
The adder dies!
Your Spellcasting skill increases to level 6!
You swap places.
Your crimson imp hits the ogre.
Casting: Call Imp
Confirm with . or Enter, or press ? or * to list all spells.
A chill wind blows around you. The water moccasin bites you.
Your crimson imp hits the ogre but does no damage.
The ogre hits you with a giant club!
* * * LOW HITPOINT WARNING * * *
The water moccasin bites you.
You die...

.....................
#...............######
#...............######
+.....................
#...............######
#...............#
#..Y............#
#...............# ##
#....@..........# #.
..##...5OS......####
#. ................#
#. .......#.5.######
#. .......#.r.# ##
..######O..# #
.....S.....# #
..........# ###
..........# #..


You could see a water moccasin, 2 ogres, a friendly ice beast, a friendly iron
imp, a friendly crimson imp and a friendly rat.

Vanquished Creatures
  A worm (D:2)
  2 orcs (D:4)
  2 ball pythons
  6 giant cockroaches
  3 goblins
  2 hobgoblins (D:1)
  5 bats
  2 frilled lizards (D:1)
  2 kobolds
  7 rats
32 creatures vanquished.

Vanquished Creatures (collateral kills)
  A hungry ghost (D:3)
  2 worker ants
  2 orc wizards
  2 adders
  2 dart slugs (D:2)
  A leopard gecko (D:3)
  8 orcs (D:3)
  3 bats
  3 giant cockroaches
  4 hobgoblins
  3 jackals (D:3)
  A frilled lizard (D:2)
  2 kobolds
  A rat (D:1)
35 creatures vanquished.

Grand Total: 67 creatures vanquished

Notes
Turn   | Place    | Note
-------+----------+-------------------------------------------
     0 | D:1      | Gorfmaster the Deep Elf Summoner began the quest for the Orb.
     0 | D:1      | Reached XP level 1. HP: 10/10 MP: 6/6
   442 | D:1      | Reached XP level 2. HP: 15/15 MP: 6/8
   692 | D:1      | Learned a level 2 spell: Call Imp
   737 | D:2      | Reached skill level 4 in Spellcasting
  1068 | D:2      | Reached XP level 3. HP: 18/19 MP: 8/10
  2278 | D:3      | Reached skill level 5 in Summonings
  2333 | D:3      | Reached skill level 5 in Spellcasting
  2333 | D:3      | Reached XP level 4. HP: 15/24 MP: 11/13
  2623 | D:3      | Noticed a hungry ghost
  2667 | D:3      | Killed a hungry ghost
  2667 | D:3      | Reached XP level 5. HP: 28/28 MP: 9/15
  2785 | D:3      | Learned a level 4 spell: Summon Ice Beast
  2871 | D:4      | Found Dyterac's Magic Scroll Emporium.
  2939 | D:4      | Noticed an ogre
  2942 | D:4      | Noticed a water moccasin
  2945 | D:4      | Noticed an ogre
  2953 | D:4      | Reached skill level 6 in Spellcasting
  2955 | D:4      | HP: 1/28 [ogre/giant club (11)]
  2955 | D:4      | Slain by a water moccasin

Vault maps used:
D:1:      lemuel_arrival_funnel, minivault_27, minmay_heptomino_l4
D:4:      kennysheep_little_box, serial_shops, nicolae_shop_window_shopping,
          kennysheep_generic_room_14

Skill      XL: |  1  2  3  4  5 |
---------------+----------------+-----
Spellcasting   | 4 5 6 |  6.0
Summonings     | 5 |  5.9
Dodging        | |  2.4
Stealth        | |  2.4

Action                   |  1- 3 |  4- 6 || total
-------------------------+-------+-------++-------
Melee: Dagger            |   160 |       ||   160
       Unarmed           |     2 |       ||     2
       Spear             |     6 |    29 ||    35
 Cast: Summon Small Mamm |    10 |     4 ||    14
       Call Imp          |    21 |    17 ||    38
       Summon Ice Beast  |       |     1 ||     1
  Use: Scroll            |     5 |     4 ||     9
 Stab: Sleeping          |     8 |     2 ||    10
  Eat: Chunk             |     5 |     2 ||     7
Armor: Robe              |    52 |     4 ||    56
Dodge: Dodged            |   121 |    16 ||   137
